 Dungeon Crawl Stone Soup version 0.18.1-50-g88ac8fd (webtiles) character file.

7108 whaleyboy the Cleaver (level 10, -11/93 HPs)
             Began as a Minotaur Berserker on Oct 18, 2016.
             Was a High Priest of Trog.
             Shot with a bolt by a yaktaur (19 damage)
             ... in a volcano on Oct 19, 2016.
             The game lasted 01:05:46 (9123 turns).

whaleyboy the Cleaver (Minotaur Berserker)          Turns: 9123, Time: 01:05:47

Health: -11/93     AC: 20    Str: 22    XL:     10   Next: 84%
Magic:  10/10      EV: 14    Int:  4    God:    Trog [*****.]
Gold:   382        SH:  0    Dex: 18    Spells: 0 memorised, 9 levels left

rFire  + . .     SeeInvis .     a - +1 hand axe (freeze)
rCold  x . .     Gourm    .     c - +4 plate armour
rNeg   . . .     Faith    .     (no shield)
rPois  .         Spirit   .     (helmet restricted)
rElec  .         Dismiss  .     (no cloak)
rCorr  .         Reflect  .     l - +0 pair of gloves
SustAt .         Harm     .     (no boots)
MR     ++...                    (no amulet)
Stlth  ..........               J - ring of fire
                                G - ring of stealth

@: agile, lethally poisoned (-11 -> -13), regenerating, very resistant to
hostile enchantments, extremely unstealthy
A: retaliatory headbutt, horns 2, high mp 1, screaming 1, evolution 1
a: Berserk, Trog's Hand, Brothers in Arms, Burn Spellbooks, Renounce Religion


You were in a volcano.
You worshipped Trog.
Trog was extremely pleased with you.
You were hungry.

You visited 2 branches of the dungeon, and saw 10 of its levels.
You also visited: Ossuary and Volcano.

You collected 382 gold pieces.

Inventory:

Hand Weapons
 a - a +1 hand axe of freezing (weapon)
 o - a +0 hunting sling
 r - a +2 flail of holy wrath
 A - a +0 war axe
Missiles
 y - 47 sling bullets
Armour
 c - a +4 plate armour (worn)
 l - a +0 pair of gloves (worn)
Jewellery
 G - a ring of stealth (left hand)
 J - a ring of fire (right hand)
Wands
 b - a wand of paralysis (13/24)
 t - a wand of polymorph (5/24)
 B - a wand of disintegration (0/24)
 O - a wand of confusion (35/48)
Scrolls
 g - 6 scrolls of remove curse
 h - 2 scrolls of amnesia
 i - a scroll of recharging
 j - a scroll of magic mapping
 k - 2 scrolls of immolation
 m - 3 scrolls of teleportation
 n - 3 scrolls of noise
 D - 3 scrolls of blinking
Potions
 d - a potion of might {unknown}
 f - 4 potions of haste
 p - a potion of curing {unknown}
 q - a potion of cure mutation {unknown}
 v - 2 potions of lignification
 x - 2 potions of ambrosia
 z - a potion of degeneration {unknown}
 E - 2 potions of flight {unknown}
 F - a potion of agility
 H - 2 potions of brilliance {unknown}
 I - 3 potions of magic
 L - a potion of invisibility {unknown}
 N - a potion of mutation {unknown}
 P - a potion of berserk rage {unknown}
Books
 s - a book of Dreams

   Spells                             Type                      Level
   a - Ensorcelled Hibernation        Hexes/Ice                    2
   b - Silence                        Hexes/Air                    5
   c - Darkness                       Hexes                        6
   d - Shadow Creatures               Summoning                    6
   Trog disapproves of the use of such an item.
 C - a book of the Warp

   Spells                             Type                      Level
   a - Recall                         Summoning/Translocation      3
   b - Gell's Gravitas                Hexes/Translocation          3
   c - Force Lance                    Conjuration/Translocation    4
   d - Warp Weapon                    Charms/Translocation         5
   e - Summon Forest                  Summoning/Translocation      5
   Trog disapproves of the use of such an item.
 K - a book of Frost

   Spells                             Type                      Level
   a - Freeze                         Ice                          1
   b - Throw Frost                    Conjuration/Ice              2
   c - Ozocubu's Armour               Charms/Ice                   3
   d - Throw Icicle                   Conjuration/Ice              4
   e - Summon Ice Beast               Ice/Summoning                4
   Trog disapproves of the use of such an item.
Comestibles
 u - 7 beef jerkies
 w - 5 bread rations
 M - 3 fruits


   Skills:
 + Level 9.8 Fighting
 + Level 11.2(12.2) Axes
 * Level 8.3(10.9) Maces & Flails
 * Level 2.5 Slings
 + Level 10.5 Armour
 + Level 3.9 Dodging
 + Level 0.6 Stealth
 + Level 1.0 Evocations


You had 9 spell levels left.
You didn't know any spells.

Dungeon Overview and Level Annotations

Branches:
Dungeon (9/15)             Temple (0/1) D:5            Lair (1/8) D:9
    Orc: D:9-12

Altars:
Cheibriados
Gozag
Kikubaaqudgha
Nemelex Xobeh
Pakellas
Qazlal
Ru
Xom
Yredelemnul

Annotations:
Lair:1 Korbac's ghost, journeyman OpMo Volcano Nessos


Innate Abilities, Weirdness & Mutations

You reflexively headbutt those who attack you in melee.
You have a pair of horns on your head.
You have an increased reservoir of magic (+10% MP).
You occasionally shout uncontrollably at your foes.
You evolve.


Message History

Nessos blinks!
You see here a bolt.
You feel sick.
Nessos wields an uncursed longbow of flaming.
It bursts into flame!
Nessos shoots an arrow.
The arrow hits you!
* * * LOW HITPOINT WARNING * * *
The arrow burns you.
* * * LOW HITPOINT WARNING * * *
The yaktaur shoots a bolt.
The bolt hits you.
* * * LOW HITPOINT WARNING * * *
The bolt burns you.
* * * LOW HITPOINT WARNING * * *
Nessos shoots an arrow.
The arrow hits you but does no damage.
Things that are here:
a bolt; 2 arrows Your troll goes berserk!
You are feeling hungry.
You feel sick.
Nessos shoots an arrow.
The arrow misses you.
The yaktaur shoots a bolt.
The bolt hits you!!
You die...

# #### ### ######.##.#####
###(c##...#
........§§....###(.##)c[.$#
..§≈≈≈≈≈≈§§...T.@#####∩([$.#
§≈≈≈≈§≈≈§≈§.c..### §§§)≈≈
≈≈§§§§≈§§≈§≈§....# #§§≈≈≈#
≈≈≈§§≈§≈§≈§≈....## #≈≈≈##
.≈≈≈§≈≈≈≈≈§≈≈....# #§§#
..§≈§≈≈≈≈≈§≈....## §##
...≈≈≈≈≈≈≈....### #
...............## ###
...##..###..###.##≈≈##


You could see Nessos, a yaktaur and a friendly troll (berserk).

Vanquished Creatures
  Pikel (D:9)
  An ugly thing (D:8)
  A troll (D:8)
  Grinder (D:6)
  Sigmund (D:4)
  A wraith (Ossuary)
  Eustachio (D:6)
  8 yaks (D:7)
  A hippogriff (D:9)
  Edmund (D:6)
  2 water moccasins
  4 orc warriors
  2 sky beasts
  2 phantoms (D:7)
  A slave (D:9)
  A black bear (D:8)
  3 ogres
  7 centaurs
  2 crocodiles (D:9)
  A big kobold (D:8)
  A giant frog (D:6)
  4 scorpions
  A water moccasin skeleton (D:8)
  4 killer bees (D:6)
  5 howler monkeys
  2 crimson imps
  3 jellies
  2 giant frog zombies
  A quasit (D:8)
  A gnoll shaman (D:7)
  2 hounds
  5 orc priests
  5 orc wizards
  2 centaur skeletons
  Ijyb (D:2)
  An iguana (D:8)
  4 worker ants
  A hound zombie (D:8)
  A hound skeleton (D:4)
  4 mummies
  A worker ant zombie (D:9)
  11 gnolls
  7 adders
  A river rat (D:9)
  2 shadow imps
  2 oozes
  2 adder skeletons
  An adder zombie (D:9)
  A worm (D:4)
  4 dart slugs
  9 giant geckos
  35 orcs
  4 giant cockroaches
  10 goblins
  4 hobgoblins
  3 jackals (D:2)
  6 kobolds
  6 quokkas
  9 bats
  2 giant gecko skeletons
  A giant gecko zombie (D:8)
  2 giant newts
  A goblin zombie (Ossuary)
  4 hobgoblin zombies (Ossuary)
  5 kobold zombies
  3 orc zombies
  11 rats
  A fungus (D:9)
240 creatures vanquished.

Vanquished Creatures (others)
  A slave (D:9)
  A centaur (D:9)
  An orc (D:9)
  A bat (D:9)
  2 rats (D:9)
  4 fungi (D:9)
10 creatures vanquished.

Grand Total: 250 creatures vanquished

Notes
Turn   | Place    | Note
--------------------------------------------------------------
     0 | D:1      | whaleyboy the Minotaur Berserker began the quest for the Orb.
     0 | D:1      | Reached XP level 1. HP: 19/19 MP: 0/0
   194 | D:1      | Reached XP level 2. HP: 27/27 MP: 1/1
   980 | D:2      | Reached skill level 4 in Axes
  1036 | D:2      | Found a sacrificial altar of Ru.
  1036 | D:2      | Found a stormy altar of Qazlal.
  1036 | D:2      | Found a basalt altar of Yredelemnul.
  1036 | D:2      | Found a shimmering altar of Xom.
  1045 | D:2      | Found an ancient bone altar of Kikubaaqudgha.
  1050 | D:2      | Found an oddly glowing altar of Pakellas.
  1103 | D:2      | Reached ** piety under Trog
  1111 | D:2      | Reached XP level 3. HP: 33/34 MP: 2/2
  1139 | D:2      | Noticed Ijyb
  1169 | D:2      | Killed Ijyb
  1182 | D:2      | Reached XP level 4. HP: 41/41 MP: 3/3
  1476 | D:3      | Reached skill level 5 in Fighting
  1622 | D:3      | Found an oddly glowing altar of Pakellas.
  1639 | D:3      | Reached *** piety under Trog
  2187 | D:4      | Reached XP level 5. HP: 48/48 MP: 4/4
  2256 | D:4      | Noticed Sigmund
  2281 | D:4      | Killed Sigmund
  2281 | D:4      | Reached skill level 5 in Axes
  2281 | D:4      | Reached skill level 1 in Maces & Flails
  2281 | D:4      | Reached XP level 6. HP: 23/56 MP: 5/5
  3156 | D:5      | Entered Level 5 of the Dungeon
  3174 | D:5      | Reached skill level 5 in Armour
  3176 | D:5      | Reached skill level 6 in Axes
  3243 | D:5      | Found a staircase to the Ecumenical Temple.
  3386 | D:5      | Found an opulent altar of Gozag.
  3673 | D:5      | Reached XP level 7. HP: 61/61 MP: 6/6
  3806 | D:5      | Got a jacinth-encrusted leather armour
  4216 | D:6      | Found an opulent altar of Gozag.
  4217 | D:6      | Noticed Eustachio
  4243 | D:6      | Killed Eustachio
  4669 | D:6      | Reached skill level 7 in Axes
  4717 | D:7      | Reached XP level 8. HP: 53/70 MP: 7/7
  4796 | D:6      | Noticed Edmund
  4837 | D:6      | Killed Edmund
  4860 | D:6      | Found a snail-covered altar of Cheibriados.
  4861 | D:6      | Noticed Grinder
  4870 | D:6      | Paralysed by Grinder for 2 turns
  4896 | D:6      | Killed Grinder
  4896 | D:6      | Reached **** piety under Trog
  4896 | D:6      | Reached skill level 5 in Maces & Flails
  5088 | D:6      | Reached skill level 8 in Axes
  5101 | D:6      | Gained mutation: You have an increased reservoir of magic (+10% MP). [mutagenic meat]
  5104 | D:6      | Gained mutation: You evolve. [mutagenic meat]
  5109 | D:6      | Gained mutation: You occasionally shout uncontrollably at your foes. [mutagenic meat]
  5110 | D:6      | Gained mutation: You are frail (-10% HP). [mutagenic meat]
  5565 | D:7      | Found a sparkling altar of Nemelex Xobeh.
  5576 | D:7      | Reached XP level 9. HP: 71/71 MP: 8/8
  5630 | D:7      | Reached skill level 9 in Axes
  5672 | D:7      | Received a gift from Trog
  5886 | D:7      | Reached skill level 10 in Axes
  6121 | D:7      | Reached ***** piety under Trog
  6399 | D:7      | Reached XP level 10. HP: 81/81 MP: 10/10
  6688 | D:8      | Found a sand-covered staircase.
  6705 | Ossuary  | Entered an ossuary
  7121 | Ossuary  | Lost mutation: You are frail (-10% HP). [evolution]
  8299 | D:9      | Noticed Pikel
  8460 | D:9      | Noticed a brown ugly thing
  8461 | D:9      | Reached skill level 10 in Armour
  8467 | D:9      | Killed Pikel
  8467 | D:9      | Reached skill level 1 in Slings
  8482 | D:8      | Killed a brown ugly thing
  8812 | D:9      | Received a gift from Trog
  8923 | D:9      | Reached skill level 11 in Axes
  8991 | D:9      | Found a staircase to the Lair.
  8999 | Lair:1   | Entered Level 1 of the Lair of Beasts
  8999 | Lair:1   | Noticed Korbac's ghost (journeyman OpMo)
  9000 | Lair:1   | Found a dark tunnel.
  9010 | Volcano  | Entered a volcano
  9044 | Volcano  | Reached skill level 1 in Evocations
  9105 | Volcano  | Noticed Nessos
  9123 | Volcano  | Shot with a bolt by a yaktaur

Skill      XL: |  1  2  3  4  5  6  7  8  9 10 |
---------------+-------------------------------+-----
Fighting       | 4 5 6 7 8 9 |  9.8
Axes           | 4 5 6 7 8 10 11 | 11.2
Armour         | 3 4 5 6 7 9 10 | 10.5
Maces & Flails | 1 2 4 5 7 8 |  8.3
Dodging        | 3 |  3.9
Slings         | 2 |  2.5
Evocations     | 1 |  1.0
Stealth        | |  0.6

Action                   |  1- 3 |  4- 6 |  7- 9 | 10-12 || total
-------------------------+-------+-------+-------+-------++-------
Melee: Hand axe          |    77 |   117 |   164 |   309 ||   667
       Headbutt          |    17 |    20 |    59 |    77 ||   173
       War axe           |       |    21 |   151 |       ||   172
Invok: Berserk           |       |       |     2 |     1 ||     3
       Trog's Hand       |       |       |       |     1 ||     1
       Brothers in Arms  |       |       |       |     1 ||     1
Evoke: Wand              |       |       |     1 |     2 ||     3
  Use: Scroll            |       |     9 |     8 |     3 ||    20
       Potion            |       |       |       |     3 ||     3
  Eat: Fruit             |       |     4 |     1 |       ||     5
       Bread ration      |       |     1 |       |       ||     1
       Meat ration       |       |       |     2 |     1 ||     3
       Chunk             |       |       |     5 |       ||     5
       Beef jerky        |       |       |       |     2 ||     2
       Royal jelly       |       |       |       |     1 ||     1
Armor: Chain mail        |    32 |    43 |       |       ||    75
       Plate armour      |       |    29 |   186 |   160 ||   375
Dodge: Dodged            |    40 |    50 |    94 |   114 ||   298
